AoeStats
← yuhaoze43

Arabia

509245127Analyzed
1v1 RM · 7d ago on Sep 26, 2026· 53m 2s· 2 players
Game mode
Random Map
Map size
Tiny (2 player)
Population
200
Speed
Normal
Resources
Standard
Victory
Conquest
Starting age
Dark Age
Ending age
Imperial Age
RankedLock teamsTeams togetherTeam positionsShared explorationLock speedFull tech treeHidden civsTurbo modeCheats
Victory
Defeat
🇹🇼 Hindustanis · Taiwan
1007
+15
🇨🇳 Mongols · China
990
-42
yuhaoze43
4:01 Loom
12:31 Feudal Age
23:05 Castle Age
22:18 Double-Bit Axe
23:23 Bloodlines
23:14 Fletching
25:55 Pikeman
31:39 Stone Mining
34:55 Squires
35:20 Forging
37:01 Light Cavalry
38:46 Wheelbarrow
41:55 Hand Cart
41:59 Scale Mail Armor
49:21 Squires
aoechuan28
6:51 Loom
9:50 Feudal Age
17:35 Castle Age
16:10 Double-Bit Axe
16:37 Horse Collar
17:41 Bloodlines
20:49 Husbandry
22:02 Scale Barding Armor
23:53 Forging
27:02 Chain Barding Armor
29:22 Wheelbarrow
29:18 Town Watch
31:05 Hand Cart
31:03 Town Patrol
36:03 Imperial Age
35:22 Iron Casting
35:03 Bow Saw
36:05 Heavy Camel Rider
37:58 Two-Man Saw
39:00 Blast Furnace
38:36 Plate Barding Armor
39:46 Chemistry
39:07 Ballistics
38:56 Imperial Camel Rider
39:53 Fletching
42:26 Hoardings
42:12 Conscription
43:46 Gold Mining
45:34 Bodkin Arrow
45:55 Masonry
45:41 Murder Holes
46:16 Shatagni
48:57 Stone Mining
49:42 Gold Shaft Mining
50:49 Padded Archer Armor
52:34 Leather Archer Armor
52:20 Bracer
Connection lost

Rejoining the realm…

Still unreachable

The connection could not be restored.

Session expired

The server has moved on; the page needs a fresh start.